 Dungeon Crawl Stone Soup version 0.18-a0-912-g81d1dc4 (webtiles) character file.

515 Duffy the Magician (level 7, 46/50 HPs)
             Began as a Mottled Draconian Wizard on Dec 25, 2015.
             Was an Initiate of Vehumet.
             Quit the game on level 5 of the Dungeon.
             The game lasted 00:05:16 (5643 turns).

Duffy the Magician (Mottled Draconian Wizard)       Turns: 5643, Time: 00:05:16

Health: 46/50      AC:  9    Str:  9    XL:     7   Next: 0%
Magic:  15/15      EV: 12    Int: 20    God:    Vehumet [......]
Gold:   194        SH:  0    Dex: 10    Spells: 5 memorised, 7 levels left

rFire  . . .     SeeInvis .     k - +0 spear
rCold  . . .     Gourm    .     (armour unavailable)
rNeg   . . .     Faith    .     (no shield)
rPois  .         Spirit   .     a - +0 hat
rElec  .         Dismiss  .     (no cloak)
rCorr  .         Reflect  .     o - +0 pair of gloves
SustAt .         Harm     .     q - +1 pair of boots
MR     .....                    (no amulet)
Stlth  ++........               (no ring)
                                (no ring)

@: not resistant to hostile enchantments, unstealthy
A: breathe sticky flame splash, unfitting armour, cold-blooded, AC +6
a: Breathe Sticky Flame, Renounce Religion


You were on level 5 of the Dungeon.
You worshipped Vehumet.
Vehumet was noncommittal.
You were hungry.

You visited 2 branches of the dungeon, and saw 6 of its levels.

You collected 194 gold pieces.


Innate Abilities, Weirdness & Mutations

You can spit globs of burning liquid.
You can ignite nearby creatures when you spit burning liquid.
Your weird mottled scales are hard (AC +6).
Your body does not fit into most forms of armour.
You are cold-blooded and may be slowed by cold attacks.


   Skills:
 - Level 1.7 Dodging
 - Level 1.7 Stealth
 + Level 5.5 Spellcasting
 + Level 5.2 Conjurations
 - Level 1.0 Summonings
 - Level 1.0 Translocations


You had 7 spell levels left.
You knew the following spells:

 Your Spells              Type           Power        Failure   Level  Hunger
a - Magic Dart            Conj           ####         1%          1    None
i - Call Imp              Summ           #.......     14%         2    None
l - Mephitic Cloud        Conj/Pois/Air  ##......     17%         3    ##.....
B - Blink                 Tloc           N/A          14%         2    None
M - Repel Missiles        Chrm/Air       #.....       21%         2    None

Inventory:

Hand Weapons
 k - a +0 spear (weapon)
Missiles
 u - a throwing net (quivered)
 w - 17 poisoned needles
Armour
 a - a +0 hat (worn)
 o - a +0 pair of gloves (worn)
 q - a +1 pair of boots (worn)
Scrolls
 d - a scroll of magic mapping {unknown}
 f - 3 scrolls of identify {unknown}
 i - 3 scrolls of remove curse {unknown}
 l - 2 scrolls of amnesia {unknown}
 m - a scroll of blinking {unknown}
 s - a scroll of recharging {unknown}
 y - a scroll of teleportation {unknown}
 E - a scroll of noise {unknown}
 F - a scroll of fear {unknown}
Potions
 e - a potion of degeneration {unknown}
 h - a potion of invisibility {unknown}
 j - a potion of mutation {unknown}
 n - 2 potions of lignification {unknown}
 p - a potion of cancellation {unknown}
 t - a potion of flight {unknown}
 v - a potion of brilliance {unknown}
 x - 2 potions of curing {unknown}
 A - a potion of beneficial mutation {unknown}
 B - a potion of berserk rage {unknown}
 C - a potion of ambrosia {unknown}
 D - a potion of agility {unknown}
Books
 b - a book of Minor Magic
Comestibles
 c - 5 bread rations
 g - 8 fruits
 r - a meat ration
 z - 3 slices of pizza

Dungeon Overview and Level Annotations

Branches:
Dungeon (5/15)             Temple (1/1) D:4

Altars:
Ashenzari
Cheibriados
Dithmenos
Fedhas
Gozag
Makhleb
Nemelex Xobeh
Pakellas
Qazlal
Ru
Sif Muna
Trog
Vehumet
Xom
Yredelemnul
Zin
The Shining One


Message History

You open the door.
There is an open door here.
You see here 3 arrows.
There is an open door here.
You open the door.
There is an open door here.
A centaur skeleton comes into view.
The centaur skeleton moves out of view.
The centaur skeleton is too close now for your liking.
You hit the centaur skeleton.
You tail-slap the centaur skeleton, but do no damage.
The centaur skeleton hits you but does no damage.
You completely miss the centaur skeleton.
The centaur skeleton hits you but does no damage. x2
You hit the centaur skeleton. The centaur skeleton hits you.
You are feeling hungry.
You hit the centaur skeleton.
The centaur skeleton completely misses you.
The centaur skeleton misses you.
You hit the centaur skeleton.
The centaur skeleton hits you but does no damage.
You hit the centaur skeleton.
You tail-slap the centaur skeleton, but do no damage.
The centaur skeleton closely misses you. x2
You hit the centaur skeleton.
The centaur skeleton hits you but does no damage.
You hit the centaur skeleton but do no damage.
The centaur skeleton completely misses you.
The centaur skeleton closely misses you.
You hit the centaur skeleton.
You destroy the centaur skeleton!
Vehumet accepts your kill.
You have reached level 7!
Your scales start taking on a weird mottled colour.
Are you sure you want to abandon this character and quit the game? (Confirm with "yes".)

#.# ####### ###.#
#....#.
#...##########....#.
#.##..............#.
#.................#(
#.#...............'.
#.#...............#.
#.#.##########....#.
#.#@# ##'#.#. #.#.#
#.#..( #.#.# #.#...
#.#.. #.#..< #..
#.##.. #... #..+..
#... ####.. #.###
#.. #..


There were no monsters in sight!

Action                   |  1- 3 |  4- 6 |  7- 9 || total
-------------------------+-------+-------+-------++-------
Melee: Spear             |   142 |   163 |       ||   305
 Cast: Magic Dart        |    16 |    30 |       ||    46
       Repel Missiles    |     1 |       |       ||     1
       Call Imp          |     3 |    32 |       ||    35
 Stab: Sleeping          |     4 |     2 |       ||     6
  Eat: Chunk             |     4 |    11 |       ||    15

Notes
Turn   | Place    | Note
--------------------------------------------------------------
     0 | D:1      | Duffy the Draconian Wizard began the quest for the Orb.
     0 | D:1      | Reached XP level 1. HP: 14/14 MP: 4/4
   522 | D:1      | Reached XP level 2. HP: 20/20 MP: 6/6
   682 | D:2      | Learned a level 2 spell: Repel Missiles
   685 | D:2      | Learned a level 2 spell: Blink
   688 | D:2      | Learned a level 2 spell: Call Imp
   765 | D:2      | Reached skill level 2 in Conjurations
  1118 | D:2      | Reached XP level 3. HP: 15/26 MP: 8/8
  2209 | D:3      | Reached skill level 3 in Conjurations
  2209 | D:3      | Reached XP level 4. HP: 26/33 MP: 9/9
  2339 | D:3      | Reached skill level 4 in Spellcasting
  2437 | D:3      | Learned a level 3 spell: Mephitic Cloud
  2465 | D:3      | Found a shimmering altar of Xom.
  2518 | D:3      | Noticed Jessica
  2539 | D:3      | Killed Jessica
  2652 | D:3      | Reached XP level 5. HP: 38/38 MP: 8/11
  2979 | D:4      | Reached skill level 4 in Conjurations
  3844 | D:4      | Reached XP level 6. HP: 18/45 MP: 4/13
  4242 | D:4      | Reached skill level 5 in Spellcasting
  4376 | D:4      | Found a staircase to the Ecumenical Temple.
  4385 | Temple   | Entered the Ecumenical Temple
  4477 | Temple   | Became a worshipper of Vehumet
  4636 | D:5      | Entered Level 5 of the Dungeon
  4786 | D:5      | Reached skill level 5 in Conjurations
  5642 | D:5      | Reached XP level 7. HP: 46/50 MP: 15/15
  5643 | D:5      | Quit the game

Vault maps used:
D:1:      mrwooster_arrival_statue
D:3:      old_standard_altar, uniq_jessica
D:4:      lemuel_temple_firewalk_marked, first_bread
D:5:      gammafunk_temple_overflow_pools, roderic_nine_men_s_morris
Temple:   lightli_temple_of_artemis

Vanquished Creatures
  A necrophage
  A centaur
  A giant frog zombie
  A centaur skeleton
  A hound
  2 orc wizards Jessica
  7 worker ants
  A hound skeleton
  6 adders
  A shadow imp
  2 worms
  2 giant geckos
  10 orcs
  9 bats
  A giant cockroach
  4 hobgoblins
  A quokka
  A giant gecko skeleton
  2 giant newts
  11 goblins
  3 kobolds
  A quokka skeleton
  7 rats
77 creatures vanquished.
